Map: Acid Plant LE

Players

Mason - Winner!

  • Race: Zerg Zerg
  • League: Diamond
  • Spawn Location: 5:00

Woogie

  • Race: Zerg Zerg
  • League: Diamond
  • Spawn Location: 11:00

VOD

Have the link to the VOD?

Description

My +1Attack Lings don't get the damage done that they need to and opponent gets a 3rd up earlier than me. Leads to him getting a higher Roach count with Ravs.

Time

  • Played on: Sept. 19, 2018, 8:32 p.m.
  • Length: 7:07
Show
View Real Time Build Order
Export as new Build Order

Mason Zerg - Winner!

Build Orders: Hatch First 

Get SALT Encoding   

  12  0:03  Drone  
  13  0:12  Overlord  
  13  0:17  Drone  
  14  0:30  Drone  
  14  0:31  Drone  
  16  0:37  Drone  
  17  0:56  Hatchery  
  17  0:57  Drone  
  17  0:59  Drone  
  18  1:11  Extractor  
  17  1:15  Spawning Pool  
  17  1:17  Drone  
  17  1:21  Drone  
  18  1:29  Drone  
  19  1:39  Drone  
  20  1:50  Overlord  
  20  2:03  Zergling x2  
  20  2:07  Queen  
  20  2:08  Queen  
  23  2:09  Zergling x2  
  23  2:12  Zergling x2  
  23  2:14  Metabolic Boost  
  27  2:22  Drone x2  
  29  2:29  Drone  
  30  2:35  Drone  
  31  2:46  Overlord x2  
  32  2:51  Drone  
  32  2:54  Roach Warren  
  32  2:58  Overlord  
  31  3:01  Baneling Nest  
  30  3:15  Drone x3  
  31  3:23  Drone  
  31  3:24  Drone x6  
  37  3:28  Overlord  
  37  3:35  Roach  
  39  3:51  Roach x3  
  39  3:54  Roach  
  47  4:00  Roach  
  49  4:05  Roach  
  49  4:08  Overlord  
  49  4:09  Roach  
  57  4:10  Roach x2  
  57  4:12  Zergling x4  
  57  4:13  Zergling x2  
  60  4:18  Overlord  
  60  4:28  Zergling x4  
  62  4:34  Zergling x2  
  62  4:36  Roach x2  
  62  4:37  Roach  
  69  4:40  Overlord x2  
  69  4:41  Roach  
  69  4:44  Zergling x2  
  72  4:46  Zergling x2  
  73  4:53  Zergling x2  
  73  4:56  Overlord  
  74  5:04  Roach  
  74  5:12  Roach x2  
  74  5:13  Zergling x10  
  81  5:19  Baneling  
  81  5:21  Zergling x2  
  79  5:23  Zergling x2  
  79  5:27  Baneling  
  80  5:33  Extractor  
  79  5:36  Drone  
  79  5:37  Drone  
  81  5:45  Roach x2  
  85  5:53  Hatchery  
  85  5:54  Hatchery  
  73  6:04  Roach  
  73  6:05  Roach x2  
  73  6:06  Zergling x4  
  80  6:18  Roach x2  
  82  6:19  Zergling x2  
  83  6:26  Zergling x2  
  83  6:30  Zergling x2  
  85  6:37  Ravager  
  86  6:41  Zergling x8  
  90  6:53  Ravager  
  89  6:56  Ravager  
Show
View Real Time Build Order
Export as new Build Order

Woogie Zerg 

Build Orders: Hatch First 

Get SALT Encoding   

  12  0:01  Drone  
  13  0:12  Overlord  
  13  0:17  Drone  
  14  0:31  Drone x2  
  14  0:34  Drone  
  17  0:54  Hatchery  
  16  0:57  Drone  
  17  1:12  Spawning Pool  
  17  1:15  Extractor, Drone  
  16  1:19  Drone  
  16  1:22  Drone  
  18  1:28  Drone  
  19  1:45  Drone  
  20  1:52  Evolution Chamber  
  19  1:59  Queen  
  21  2:01  Zergling x2  
  21  2:06  Queen  
  21  2:08  Overlord  
  24  2:09  Drone  
  25  2:18  Zerg Melee Weapons Level 1  
  25  2:19  Drone  
  25  2:22  Drone  
  27  2:26  Drone  
  28  2:41  Drone x3  
  31  2:53  Queen  
  31  2:57  Metabolic Boost  
  35  3:00  Overlord  
  35  3:01  Drone x2  
  35  3:02  Drone  
  33  3:26  Drone x3  
  33  3:27  Drone x3  
  38  3:44  Overlord  
  38  3:46  Zergling x6  
  41  3:52  Hatchery  
  41  3:54  Baneling Nest  
  39  4:12  Zergling x2  
  39  4:13  Zergling x14  
  47  4:19  Extractor  
  47  4:21  Extractor  
  47  4:22  Drone x2  
  47  4:25  Roach Warren  
  46  4:46  Drone x3  
  46  4:47  Drone x2  
  46  4:48  Lair  
  51  4:56  Baneling, Evolution Chamber  
  51  4:57  Baneling  
  50  5:05  Zergling x10  
  50  5:06  Zergling x4  
  51  5:22  Roach  
  51  5:23  Roach x2  
  51  5:24  Overlord x3  
  57  5:31  Baneling x2  
  49  6:00  Roach x6  
  49  6:01  Roach  
  49  6:02  Zergling x4  
  49  6:03  Zergling x8  
  59  6:21  Roach Warren  
  52  6:35  Zergling x2  
  52  6:36  Zergling x20  
  61  6:48  Roach  
  43  7:01  Ravager  
Tags
 
Add a new tag
Caveats
  • Supply blocks, unpowered buildings, or Contaminate may cause inaccurate times.
  • Supply counts are checked every 10 seconds.